 Dungeon Crawl Stone Soup version 0.17.0-15-g6d90897 (webtiles) character file.

193 HaroldButt the Ruffian (level 6, -12/47 HPs)
             Began as a Formicid Fighter on Nov 10, 2015.
             Killed from afar by crauler's ghost (18 damage)
             ... with a bolt of negative energy
             ... on level 4 of the Dungeon.
             The game lasted 00:09:00 (2684 turns).

HaroldButt the Ruffian (Formicid Fighter)           Turns: 2684, Time: 00:09:00

Health: -12/47     AC:  7    Str: 25    XL:     6   Next: 2%
Magic:  15/15      EV: 11    Int:  8    God:
Gold:   74         SH:  0    Dex: 15    Spells: 0 memorised, 5 levels left

rFire  . . .     SeeInvis +       - Unarmed
rCold  . . .     Clarity  .     a - +0 scale mail
rNeg   . . .     SustAt   .     (no shield)
rPois  .         Gourm    .     (helmet unavailable)
rElec  .         Spirit   .     (no cloak)
rCorr  .         Warding  .     w - +0 pair of gloves
rMut   .         Stasis   +     (no boots)
MR     .....                    (no amulet)
Stlth  ..........               q - +3 ring of dexterity
                                i - ring of magical power

@: mighty, drained, not resistant to hostile enchantments, extremely unstealthy
A: permanent stasis, dig shafts and tunnels, four strong arms, antennae 3
a: Dig, Shaft Self


You were on level 4 of the Dungeon.
You were not hungry.

You visited 1 branch of the dungeon, and saw 4 of its levels.

You collected 74 gold pieces.

Inventory:

Missiles
 n - 41 stones (quivered)
 v - 2 needles of confusion
Armour
 a - a +0 scale mail (worn)
 b - a +0 shield
 w - a +0 pair of gloves (worn)
Jewellery
 i - a ring of magical power (left hand)
 q - a +3 ring of dexterity (right hand)
 y - a +4 ring of dexterity
Scrolls
 e - a scroll of fear {unknown}
 g - a scroll of recharging {unknown}
 h - 2 scrolls of teleportation {unknown}
 k - 2 scrolls of fog {unknown}
 m - a scroll of remove curse {unknown}
 p - a scroll of magic mapping {unknown}
 t - a scroll of enchant weapon {unknown}
 x - 4 scrolls of identify {unknown}
Potions
 c - a potion of might
 j - a potion of curing
 l - a potion of brilliance {unknown}
 o - a potion of agility {unknown}
 r - 3 potions of cancellation {unknown}
 u - a potion of heal wounds {unknown}
 A - a potion of flight {unknown}
 B - 2 potions of degeneration {unknown}
Comestibles
 d - 4 bread rations
 f - 2 slices of pizza
 s - a beef jerky
 z - 2 chunks of flesh


   Skills:
 - Level 3.2(2.7) Fighting
 - Level 3.2(2.7) Armour
 + Level 3.4(2.9) Dodging
 - Level 3.6(3.1) Shields
 - Level 4.0(3.5) Unarmed Combat


You had 5 spell levels left.
You didn't know any spells.

Dungeon Overview and Level Annotations

Branches:
Dungeon (4/15)
 Temple: D:4-7

Altars:
Dithmenos
Fedhas
Gozag
Xom

Shops:
D:2 *

Annotations:
D:4 crauler's ghost, novice DrEE


Innate Abilities, Weirdness & Mutations

You are under a permanent stasis effect.
You can dig through walls and to a lower floor.
Your four strong arms can wield two-handed weapons with a shield.
You have a pair of large antennae on your head (SInv).


Message History

You hit crauler's ghost.
Crauler's ghost is severely damaged.
Crauler's ghost hits you but does no damage.
You hit crauler's ghost.
Crauler's ghost is severely damaged.
Crauler's ghost hits you.
* * * LOW HITPOINT WARNING * * *
x2 You barely miss crauler's ghost.
Crauler's ghost is severely damaged.
You hit crauler's ghost.
Crauler's ghost is severely damaged.
Crauler's ghost barely misses you.
You closely miss crauler's ghost.
Crauler's ghost is severely damaged.
Crauler's ghost hits you but does no damage.
You hit crauler's ghost.
Crauler's ghost is severely damaged.
Crauler's ghost breathes negative energy at you.
The bolt of negative energy hits you!
You feel drained.
You die...

#. #.. ##...
#.....### ..W.....##
...####..##
##..##### ###W...##
#.@.....#
#........##
#.........## #
#..........### #..
#............###...#
#..........#....#
#..........##.###
#..........#..#
#..........#.##


You could see crauler's ghost.

Vanquished Creatures
  A giant frog zombie (D:3)
  An iguana (D:4)
  3 gnolls (D:3)
  4 adders (D:2)
  An ooze (D:2)
  5 worms
  4 giant geckos
  An orc (D:3)
  2 ball pythons (D:2)
  A giant cockroach (D:1)
  5 goblins
  2 hobgoblins (D:3)
  4 jackals (D:2)
  2 quokkas
  8 bats
  2 giant newts
  A jackal skeleton (D:4)
  7 kobolds
  6 rats
60 creatures vanquished.

Notes
Turn   | Place    | Note
--------------------------------------------------------------
     0 | D:1      | HaroldButt the Formicid Fighter began the quest for the Orb.
     0 | D:1      | Reached XP level 1. HP: 18/18 MP: 1/1
    53 | D:1      | Found a shimmering altar of Xom.
   332 | D:1      | Reached XP level 2. HP: 24/24 MP: 2/2
   650 | D:2      | Reached XP level 3. HP: 20/29 MP: 3/3
   854 | D:2      | Reached skill level 4 in Unarmed Combat
   854 | D:2      | Reached XP level 4. HP: 25/35 MP: 4/4
   861 | D:2      | Found an opulent altar of Gozag.
   862 | D:2      | Found Gozag's Platinum Reserve.
  1025 | D:2      | Reached skill level 1 in Dodging
  1624 | D:3      | Found a shadowy altar of Dithmenos.
  1642 | D:3      | Reached XP level 5. HP: 22/41 MP: 5/5
  2247 | D:3      | Found a blossoming altar of Fedhas.
  2598 | D:4      | Reached XP level 6. HP: 32/47 MP: 6/6
  2661 | D:4      | Noticed crauler's ghost (novice DrEE)
  2684 | D:4      | Killed from afar by crauler's ghost

Action                   |  1- 3 |  4- 6 || total
-------------------------+-------+-------++-------
Melee: Unarmed           |   117 |   190 ||   307
  Use: Potion            |     1 |     1 ||     2
  Eat: Chunk             |       |     6 ||     6
